 Dungeon Crawl Stone Soup version 0.30.1-11-g7821555f0a (webtiles) character file.

Game seed: 9035716131899776960

83 comborobin the Ruffian (level 4, -7/44 HPs)
             Began as a Troll Delver on Dec 18, 2023.
             Mangled by Edmund
             ... wielding a +1 heavy dire flail
              (13 damage)
             ... on level 5 of the Dungeon.
             The game lasted 00:00:33 (87 turns).

comborobin the Ruffian (Troll Delver)                 Turns: 87, Time: 00:00:33

Health: -7/44      AC:  4    Str: 22    XL:     4   Next: 22%
Magic:  3/3        EV:  9    Int:  6    God:
Gold:   0          SH:  0    Dex: 11    Spells: 3/3 levels left

rFire   . .          .
                       - Unarmed
rCold   . . .        (no shield)
rNeg    . . .        a - +0 robe
rPois   .            (helmet restricted)
rElec   .            (no cloak)
rCorr   .            (gloves unavailable)
SInv    .            (boots unavailable)
Will    .....        (no amulet)
Stlth   ++           (no ring)
HPRegen 1.07/turn    (no ring)
MPRegen 0.08/turn

%: no passive effects
@: no status effects
A: large, unfitting armour, claws 3, regeneration 1, shaggy fur 1, tough skin 1
a: no special abilities


You were on level 5 of the Dungeon.
You visited 1 branch of the dungeon, and saw 1 of its levels.

Inventory:

Armour
 a - a +0 robe (worn)
Scrolls
 b - a scroll of fog
 c - a scroll of magic mapping
 d - a scroll of fear


   Skills:
 - Level 2.4 Fighting
 - Level 1.5 Dodging
 - Level 2.7 Stealth
 + Level 4.5 Unarmed Combat


You had 3 spell levels left.
You didn't know any spells.
Your spell library was empty.

Dungeon Overview and Level Annotations

Branches:
Dungeon (5/15)
 Temple: D:4-7

Altars:

Annotations:
D:5 Edmund


Innate Abilities, Weirdness & Mutations

You are too large for most types of armour.
You have claws for hands.
Your natural rate of healing is unusually fast.
You are covered in fur. (AC +1)
You have tough skin. (AC +1)


Message History

The centaur closely misses you.
The centaur kicks you but does no damage.
You scratch the centaur.
The centaur is heavily wounded.
The centaur hits you but does no damage.
The centaur kicks you but does no damage.
Edmund says, "I might not be good at magic, but I can still kill you!"
Edmund hits you with a +1 heavy dire flail.
You claw the centaur!
The centaur is almost dead.
The centaur hits you but does no damage.
The centaur kicks you but does no damage.
You scratch the centaur.
The centaur is almost dead.
The centaur hits you but does no damage.
The centaur kicks you but does no damage.
Edmund closely misses you. The centaur hits you.
* * * LOW HITPOINT WARNING * * *
The centaur kicks you.
* * * LOW HITPOINT WARNING * * *
You claw the centaur!
You kill the centaur!
Your Unarmed Combat skill gained 2 levels and is now at level 4!
You have reached level 2!
You have reached level 3!
Your experience leads to an increase in your attributes!
Increase (S)trength, (I)ntelligence, or (D)exterity?
You feel stronger. x3
You have reached level 4!
You scratch Edmund but do no damage. Edmund barely misses you.
You claw Edmund!
Edmund is moderately wounded.
Edmund hits you with a +1 heavy dire flail!
* * * LOW HITPOINT WARNING * * *
You scratch Edmund but do no damage.
Edmund is moderately wounded.
You claw Edmund!
Edmund is heavily wounded.
Edmund hits you with a +1 heavy dire flail!
You die...

.# .# . .# .##.#
...# ...#
#..###############
#@)$..............
#@#####.####..>###
#..####.##.#.#.#
#....##.# #..#.#
###..##.# ##.#.#
#..##.# #....#
#..##.# #.##@###
#..##.###.##...@
#..#......####.#
##....##### ##.


You could see Edmund.

Vanquished Creatures
  A centaur (D:5)
1 creature vanquished.

Notes
Turn   | Place    | Note
-------+----------+-------------------------------------------
     0 | D:5      | comborobin the Troll Delver began the quest for the Orb.
     0 | D:5      | Reached XP level 1. HP: 22/22 MP: 0/0
     0 | D:5      | Noticed Edmund
    58 | D:5      | Noticed a centaur
    83 | D:5      | Killed a centaur
    84 | D:5      | Reached skill level 4 in Unarmed Combat
    84 | D:5      | Reached XP level 2. HP: 8/29 MP: 1/1
    84 | D:5      | Reached XP level 3. HP: 10/36 MP: 2/2
    84 | D:5      | Reached XP level 4. HP: 12/44 MP: 3/3
    87 | D:5      | Mangled by Edmund

Illustrated notes

Levels and vault maps discovered:
D:5:      wad_lake_hut, layout_basic, mainiacjoe_overflow_swirl,
          minmay_temple_entry_statues_pillars, portal_sewer_entry_b,
          serial_shops, shop_statue, ebering_ghost_disaster_area, uniq_pikel,
          uniq_edmund, uniq_sigmund

Skill      XL: |  1 |
---------------+----+-----
Unarmed Combat | 4 |  4.5
Fighting       | |  2.4
Dodging        | |  1.5
Stealth        | |  2.7

Action                     |  1- 3 |  4- 6 || total
---------------------------+-------+-------++-------
  Melee: Unarmed           |     5 |     4 ||     9
  Evoke: Wand              |     3 |       ||     3
    Use: Potion            |     1 |       ||     1
 Armour: Robe              |     8 |       ||     8
  Dodge: Dodged            |     4 |     1 ||     5
